Cogmind - Beta 17.1 @@@ ROGUE MODE // 2026.08.29 @ 22:18:12 Player: Bikerider58 Result: Destroyed by DU-HLQ(R) with Subdweller Machine Gun Performance ------------- Evolutions (0) 0 Regions Visited (2) 400 Robots Destroyed (22) 110 Value Destroyed (495) 495 Prototype IDs (0) 0 Alien Tech Used (0) 0 Bonus (5088) 5088 TOTAL SCORE: 6093 Bonus ------- Prayed to X0-1V1 5000 Major X0-1V1 Interference 100 Friendly Fire -12 Cogmind --------- Core Integrity 0/175 Matter 272/300 Energy 100/100 System Corruption 7% Temperature Cool (0) Movement Rolling (140) Ox4 Location -10/Subcaves Parts ------- > --- POWER (1) -------- (None) > --- PROPULSION (2) --- Wheel Wheel > --- UTILITY (2) ------ Improved Heat Sink Huge Storage Unit > --- WEAPON (2) ------- Medium Laser Light Cannon > --- INVENTORY (25) --- Ion Engine Light Treads Light Treads Light Treads Aluminum Leg Wheel Wheel Wheel Disposable Heat Sink Large Matter Pod (150) High-capacity Matter Pod (200) High-capacity Matter Pod (200) Structural Scanner Subdweller Optics Seismic Detector Seismic Detector X0-1V1's Piety Tracker EM Pulse Gun EM Pulse Gun Particle Gun Light Assault Rifle Peak State ------------ > --- POWER ------------ Light Nuclear Core > --- PROPULSION ------- Wheel Wheel > --- UTILITY ---------- Improved Heat Sink Huge Storage Unit > --- WEAPON ----------- Medium Laser Medium Laser > --- INVENTORY -------- Ion Engine Light Treads Light Treads Light Treads Aluminum Leg Wheel Wheel Wheel Disposable Heat Sink Large Matter Pod High-capacity Matter Pod High-capacity Matter Pod Structural Scanner Subdweller Optics Seismic Detector Seismic Detector X0-1V1's Piety Tracker EM Pulse Gun EM Pulse Gun Particle Gun Light Assault Rifle Light Cannon [Rating: 14] Favorites ----------- Power Ion Engine Engine Ion Engine Power Core Light Nuclear Core Propulsion Light Treads Treads Light Treads Leg Aluminum Leg Wheel Wheel Utility Small Storage Unit Device Seismic Detector Storage Small Storage Unit Weapon EM Pulse Gun Energy Gun EM Pulse Gun Ballistic Cannon Light Cannon Build | -11 -10 -10 ------- Run | Yrd Mat Sub Slots Evolved . | . . . Power . | . . . Propulsion . | . . . Utility . | . . . Weapon . | . . . Parts Attached 20 | 8 10 2 Power 2 | 1 1 . Engine 1 | 1 . . Core 1 | . 1 . Reactor . | . . . Propulsion 6 | 1 5 . Treads 3 | 1 2 . Leg 1 | . 1 . Wheel 2 | . 2 . Hover . | . . . Flight . | . . . Utility 6 | 3 2 1 Device 4 | 2 1 1 Storage 2 | 1 1 . Processor . | . . . Hackware . | . . . Protection . | . . . Artifact . | . . . Weapon 6 | 3 2 1 Energy Gun 5 | 3 2 . Energy Cannon . | . . . Ballistic Gun . | . . . Ballistic Cannon 1 | . . 1 Launcher . | . . . Special Weapon . | . . . Impact Weapon . | . . . Slashing Weapon . | . . . Piercing Weapon . | . . . Special Melee Weapon . | . . . Unidentified Prototypes . | . . . Corrupted Parts 2 | 2 . . System Corruption 5 | 5 . . Parts Lost 4 | . 2 2 Power 1 | . . 1 Propulsion . | . . . Utility . | . . . Weapon 3 | . 2 1 Highest Loss Streak 2 | . 1 2 To Critical Strikes 1 | . . 1 Average Backups 8 | 1 7 22 Power . | . . 1 Propulsion 1 | . 1 7 Utility 2 | . 2 9 Weapon 3 | . 3 5 Tool/Special . | . . . Unused Backups 14 | . 2 12 Power 1 | . . 1 Propulsion 5 | . 2 3 Utility 5 | . . 5 Weapon 3 | . . 3 Tool/Special . | . . . Average Slot Usage (%) 96 | . 96 100 Engine 8 | . 9 . Core 5 | . 4 14 Treads 20 | . 22 . Wheel 3 | . 1 28 Device 14 | . 14 14 Storage 14 | . 14 14 Energy Gun 27 | . 28 27 Peak Build Rating 14 | 6 14 14 Average Rating 8 | 4 8 12 On Entrance 6 | . 6 14 Avg Prop Armor Cover (%) 7 | . 7 . Naked Turns . | . . . Heaviest Build 90 | 15 90 90 Greatest Support 40 | 20 40 20 Greatest Overweight (x) 8 | . 8 4 Average Overweight (x) . | . . 4 Largest Inventory Capacity 25 | 8 25 25 Average Capacity 12 | 6 11 25 Most Carried 22 | 3 22 22 Average Carried 8 | 1 7 21 Final Capacity 25 | 8 25 25 Final Carried 22 | 2 22 21 Class Distribution -------------------- 87% | Mutant 12% | Scavenger-Mutant Dominant Class ---------------- Mutant | -10/Materials Scavenger-Mutant | -10/Subcaves Resources | -11 -10 -10 ----------- Run | Yrd Mat Sub Matter Collected 1054 | 288 766 . Remotely . | . . . Salvage Created 856 | 107 749 . Parts 57 | 11 46 . Haulers Intercepted 2 | . 2 . Recyclers Shooed 4 | 1 3 . Parts Field Recycled . | . . . Retrieved Matter . | . . . Parts Self-Destructed . | . . . Prevented . | . . . Parts Restored . | . . . Kills | -11 -10 -10 ------- Run | Yrd Mat Sub Combat Hostiles Destroyed 12 | . 12 . Guns 12 | . 12 . Classes Destroyed 8 | 2 6 . Worker 1 | . 1 . Tunneler 2 | 2 . . Hauler 2 | . 2 . Recycler 2 | 1 1 . Operator 1 | . 1 . Watcher 2 | . 2 . Swarmer 2 | . 2 . Grunt 10 | . 10 . Best Kill Streak 3 | 2 3 . Combat Bots Only 3 | . 3 . Max Kills in Single Turn 1 | 1 1 . Gunslinging . | . . . Exploded . | . . . Melee . | . . . Uniques/NPCs Destroyed . | . . . Combat | -11 -10 -10 -------- Run | Yrd Mat Sub Hostile Shots Fired 66 | . 55 11 Missed 17 | . 13 4 Hits 49 | . 42 7 Projectile 49 | . 42 7 AOE 4 | . . 4 Critical Strikes 2 | . . 2 Damage Taken 838 | . 531 307 Core 254 | . 127 127 Absorbed by Shields . | . . . Core Remaining (%) 100 | 100 . . Volleys Fired 68 | 6 58 4 Largest 2 | 2 2 2 Hottest 100 | 80 100 100 Shots Fired 134 | 12 113 9 Gun 132 | 12 113 7 Cannon 2 | . . 2 Launcher . | . . . Special . | . . . Kinetic 2 | . . 2 Thermal 46 | . 39 7 Explosive . | . . . Electromagnetic 86 | 12 74 . Robot Hit Streak 11 | 2 11 3 Robot Miss Streak 4 | 1 4 3 Penetration Max . | . . . Secondary Targets . | . . . Shots Hit Robots 83 | 7 71 5 Core Hits 37 | 4 32 1 Critical Kills . | . . . Critical Parts Destroyed . | . . . Critical Strikes 5 | . 5 . Burn 4 | . 4 . Corrupt 1 | . 1 . Melee Attacks . | . . . Impact . | . . . Slashing . | . . . Piercing . | . . . Sneak Attacks . | . . . Combat Hostiles . | . . . Follow-up Attacks . | . . . Damage Inflicted 1392 | 108 1218 66 Guns 1137 | 75 1013 49 Cannons 17 | . . 17 Explosions 230 | 33 197 . Melee . | . . . Ramming 8 | . 8 . Kinetic 17 | . . 17 Thermal 630 | 33 548 49 Explosive . | . . . Electromagnetic 737 | 75 662 . Impact . | . . . Slashing . | . . . Piercing . | . . . Highest Corruption 7 | 5 7 7 Average Corruption 5 | 4 5 7 Corruption Purged . | . . . Corruption Blocked . | . . . Effects 54 | 1 50 3 Message Errors 14 | . 13 1 Matter Fused 15 | 1 14 . Heat Flow Errors 9 | . 7 2 Energy Discharges 1 | . 1 . Parts Rejected 1 | . 1 . Data Loss (minor) 5 | . 5 . Data Loss (major) 5 | . 5 . Misfires 1 | . 1 . Alerts 1 | . 1 . Weapon Failures 2 | . 2 . Overload Shots . | . . . Overflow Damage . | . . . Projectiles . | . . . Explosions . | . . . Melee . | . . . Knockbacks . | . . . Impact . | . . . Kinetic . | . . . Secondary . | . . . Self-Inflicted Damage 34 | . 34 . Shots 2 | . 2 . Rammed 2 | . 2 . Targets Rammed 2 | . 2 . Kicked . | . . . Crushed . | . . . Highest Temperature 254 | 54 254 204 Average Temperature 60 | 23 62 105 Received Heat Transfer 270 | . 246 24 Effects 1 | . 1 . Energy Bleed 1 | . 1 . Siege Activations . | . . . Martial Activations . | . . . Shielding Activations . | . . . Robots Disrupted . | . . . Combat Hostiles . | . . . Robots Corrupted 2 | . 2 . Combat Hostiles . | . . . Parts Fried 3 | . 3 . Impact Corruptions . | . . . Robots Melted . | . . . Combat Hostiles . | . . . Parts Melted 6 | . 6 . Heat Transferred 1843 | . 1695 148 Parts Sabotaged . | . . . Parts Stolen . | . . . Parts Stripped . | . . . Power Chain Reactions 5 | 1 4 . Alert | -11 -10 -10 ------- Run | Yrd Mat Sub Maximum Alert Level . | . . . Low Security (%) 100 | 100 100 . Level 1 . | . . . Level 2 . | . . . Level 3 . | . . . Level 4 . | . . . Level 5 . | . . . High Security . | . . . Max Security . | . . . Peak Influence 147 | 5 147 . Initial . | . . . Average 34 | 1 36 . Influence Increases 457 | 15 442 . Destroy 0b10 Robot/C 240 | . 240 . Destroy 0b10 Robot/NC 50 | 15 35 . Destroy Leader 58 | . 58 . Successful Hack 21 | . 21 . Disable Machine 45 | . 45 . Destroy Structure 13 | . 13 . Lose Combat Pursuer 30 | . 30 . Influence Decreases 457 | 15 442 . Time Decay 437 | 15 422 . Lost Part 20 | . 20 . Squads Dispatched 3 | . 3 . Investigation 1 | . 1 . Extermination . | . . . Reinforcement 2 | . 2 . Assault . | . . . Garrison . | . . . Intercept . | . . . Searches Triggered . | . . . Construction Impeded . | . . . Haulers Reinforced . | . . . Active Scanning Responses . | . . . Cargo Convoy Interrupts . | . . . Stealth | -11 -10 -10 --------- Run | Yrd Mat Sub Distress Signals . | . . . Communications Jammed . | . . . Distress Signals . | . . . Times Spotted 23 | . 20 3 Peak Tracking Total 3 | . 3 2 Tactical Retreats 2 | . 2 . Traps | -11 -10 -10 ------- Run | Yrd Mat Sub Traps Triggered 2 | . 2 . Indirectly . | . . . Trap Hack Attempts . | . . . Triggered . | . . . Disarmed . | . . . Reprogrammed . | . . . Reused . | . . . Traps Extracted . | . . . Installed . | . . . Triggered . | . . . Machines | -11 -10 -10 ---------- Run | Yrd Mat Sub Machines Disabled 3 | . 3 . Max in Single Turn 1 | . 1 . Machines Repaired . | . . . Machines Dismantled . | . . . Machines Sabotaged . | . . . Overloaded Fab Kills . | . . . Hacking | -11 -10 -10 --------- Run | Yrd Mat Sub Machines Accessed 6 | . 6 . Terminals 4 | . 4 . Fabricators . | . . . Repair Stations . | . . . Recycling Units 2 | . 2 . Scanalyzers . | . . . Garrison Access . | . . . Total Hacks 17 | . 17 . Successful 7 | . 7 . Failed 10 | . 10 . Catastrophic 3 | . 3 . Database Lockouts . | . . . Manual 14 | . 14 . Terminals 14 | . 14 . Fabricators . | . . . Repair Stations . | . . . Recycling Units 3 | . 3 . Scanalyzers . | . . . Garrison Access . | . . . Terminal Hacks 4 | . 4 . Robot Schematic 1 | . 1 . Robot Analysis 2 | . 2 . Hauler Manifests 1 | . 1 . Fabricator Hacks . | . . . Repair Station Hacks . | . . . Recycling Unit Hacks 2 | . 2 . Retrieve Components 2 | . 2 . Scanalyzer . | . . . Garrison Access Hacks . | . . . Unauthorized Hacks 1 | . 1 . Terminals 1 | . 1 . Botnet 1 | . 1 . Fabricators . | . . . Repair Stations . | . . . Recycling Units . | . . . Scanalyzers . | . . . Garrison Access . | . . . Data Cores Recovered . | . . . Used . | . . . Hacking Detections 3 | . 3 . Full Trace Events 1 | . 1 . Feedback Events . | . . . Feedback Blocked . | . . . Robot Schematics Acquired 1 | . 1 . Robots Built . | . . . Authchips . | . . . Time . | . . . Total Robot Build Rating . | . . . Part Schematics Acquired . | . . . Parts Built . | . . . Authchips . | . . . Time . | . . . Total Part Build Rating . | . . . Part Studies Acquired . | . . . Parts Repaired . | . . . Time . | . . . Parts Recycled . | . . . Recycled Matter . | . . . Retrieved Matter . | . . . Retrieved Components 19 | . 19 . Parts Scanalyzed . | . . . Part Schematics Acquired . | . . . Parts Damaged . | . . . Bothacking | -11 -10 -10 ------------ Run | Yrd Mat Sub Used RIF Installer . | . . . Robots Hacked . | . . . Non-combat . | . . . Combat . | . . . Robot Hacks Applied . | . . . Relay Couplers Released . | . . . Fabnet Peak Effective % . | . . . Robots Rewired . | . . . Allies Hacked . | . . . Hacks Repelled . | . . . Allies | -11 -10 -10 -------- Run | Yrd Mat Sub Total Allies 1 | . . 1 Largest Group . | . . . Highest-Rated Group . | . . . Highest-Rated Ally . | . . . Total Orders . | . . . Ally Attacks . | . . . Total Damage . | . . . Kills . | . . . Allies Corrupted . | . . . Allies Melted . | . . . X0-1V1 Amusement Gains 5 | . 5 . Average Entertainment 2 | . 5 2 Good Acts 2 | . . 2 Bad Acts 1 | . . 1 Intel | -11 -10 -10 ------- Run | Yrd Mat Sub Active Infowar (turns) 1155 | 11 1023 121 Seismic 1155 | 11 1023 121 Robot Analysis Total 2 | . 2 . Derelict Logs Recovered 1 | . . 1 Drone Launches . | . . . Drone Recoveries . | . . . Exploration | -11 -10 -10 ------------- Run | Yrd Mat Sub Turns Passed 1791 | 120 1544 127 Spaces Moved 838 | 56 703 79 Core 2 | 2 . . Treads 702 | 54 648 . Legs . | . . . Wheels 134 | . 55 79 Hover . | . . . Flight . | . . . Fastest Speed 50 | 50 140 140 Average Speed 169 | 156 173 140 Slowest Speed 320 | 160 320 140 Overloaded Moves . | . . . Propulsion Burnouts . | . . . Robots Hopped . | . . . Potential Cave-ins . | . . . Cave-ins Triggered . | . . . Exploration Rate (%) 32 | 4 86 8 Regions Visited 2 Branch Regions 1 Pre-discovered Areas . | . . . Known Exits Taken . | . . . Unknown Exits Taken 2 | 1 1 . Scrap Searched . | . . . Spaces Dug . | . . . Terrain Destroyed 12 | . 12 . Melee . | . . . Projectile . | . . . AOE 12 | . 12 . Terrain Rammed . | . . . Walls Destroyed . | . . . Machines Disabled . | . . . Actions | -11 -10 -10 --------- Run | Yrd Mat Sub Total 1072 | 73 912 87 Wait 108 | 1 106 1 Move 836 | 55 702 79 Hop . | . . . Pick Up 26 | 3 23 . Fast Attach 10 | 5 5 . Attach 4 | 1 2 1 Detach 2 | . 2 . Swap 9 | 2 5 2 Drop 7 | . 7 . Fire 68 | 6 58 4 Melee . | . . . Ram . | . . . Kick . | . . . Crush 2 | . 2 . Escape Stasis . | . . . Rewire . | . . . Trap . | . . . Miscellaneous . | . . . Route ------- -11/Scrapyard -10/Materials (discovered 5 exits: [*Mat x3] / [*Min] / [*Sub]) -10/Subcaves History --------- Turn | Location | Event 6 | -11/Scrapyard | Discovered new exit (range 16) 121 | -11/Scrapyard | Entered Materials 303 | -10/Materials | Build established: Mutant 360 | -10/Materials | Discovered new exit (range 5) 579 | -10/Materials | Discovered new exit (range 8) 685 | -10/Materials | Discovered new exit (range 13) 855 | -10/Materials | Discovered new exit (range 16) 909 | -10/Materials | Discovered new exit (range 14) 1162 | -10/Materials | Core integrity fell below 50% 1321 | -10/Materials | Derelicts attacked the area 1663 | -10/Materials | Prayed at D.C.S.S. Altar Unit 1665 | -10/Materials | Entered Subcaves 1666 | -10/Subcaves | Approached by a straggling Scientist 1672 | -10/Subcaves | Heat dissipation permanently improved by X0-1V1 (+15; -75 max core) 1693 | -10/Subcaves | Learned location of 1 exit from Materials 1791 | -10/Subcaves | X0-1V1 sent allied H-61 Shepherd (x1) 1791 | -10/Subcaves | Core integrity fell below 20% 1792 | -10/Subcaves | Ambushed by Subdweller buried in earth 1792 | -10/Subcaves | Destroyed by DU-HLQ(R) with Subdweller Machine Gun Last Messages --------------- never make it past all the Subs lurking out here." 01669_ JJ-RD6(c): "Hey, let me tag along and I can get us both out of this nasty situation. At least I think I can... The group I got separated from was talking about a shortcut back to the UFD." 01672_ X0-1V1: "Any self-respecting god will have their pound of flesh." (permanent -75 core integrity, +15 heat dissipation) 01693_ Acquired derelict log, extracted data. Data stored: Materials exits (x1). 01710_ X0-1V1: "I had everything to do with that." JJ-RD6(c): "I think it's somewhere southeast of here" 01726_ System corrupted: Heat flow error (+248). 01748_ =GZVV1MUS AGP FE4 NAV 01764_ JJ-RD6(c) destroyed. 01784_ System corrupted: Heat flow error (+218). 01784_ Critical hit (Destroy). 01784_ Med. Laser destroyed. 01791_ The cosmic winds blow in a new direction. H-61 Shepherd form resolidifies at new position. 01791_ Lgt. Nuclear Core destroyed. 01792_ X0-1V1 laughs nastily! Map ----- +----------------------------------------------------+ | ?????????????????????????????????????????????????? | | ?????????????????????????????????????????????????? | | ?????????????????????????????????????????????????? | | ?????????????????????????????????????????????????? | | ?????????????????????????????????????????????????? | | ?????????????????????????????????????????????????? | | ?????????????????????????????????????????????????? | | ???????????????????????????????? #?????????????? | | ?????????????????????????????? ?????????????? | | ????????????????????????????? ??????????? | | ?????????????????????? ???? ?????????? " | | ?????????????????????? #??? ???????### ? | | ?????????????????????? ##? ?####?? ?? | | ????????????????????#? ## ## ### ??? | | ?????????????????#### ## ???? | | ?????????????????# ## #????? | | ??????????????????# ## ? ###### | | ??????????????????# ????# | | ???????????????????# ??###?# | | ????????####????????# ???#"##" | | ???????## #?????#### ##??## | | ???????# ###???# ;####""! ## ## | | ???????# #???# ;;## ""%! #####?####? | | ???????## #????# ;###; =*;##?????????? | | ????##### ##??## R ; #??????????? | | ????# #### @ R ; #??????????? | | ????# ;##??????????? | | ????## % ##?????????? | | ?????## ; ; ## #?????????? | | ??????######### H;;R ##### #?????????? | | ??????????????# ; # #???# #?????????? | | ??????????????## ;#######??# #?????????? | | ??????????????## ##???????# #?????????? | | ??????????????# ##?????# ##?????????? | | ??????????????# #?????## #??????????? | | ??????????????# ##?????## #??????????? | | ??????????????## ## ###????# #??????????? | | ???????????????##### # ### #??????????? | | ??????????????????# #??????????? | | ?????????????????# # ##??????????? | | ?????????????????##### # # ### ###???????????? | | ?????????????????????########?######?????????????? | | ?????????????????????????????????????????????????? | | ?????????????????????????????????????????????????? | | ?????????????????????????????????????????????????? | | ?????????????????????????????????????????????????? | | ?????????????????????????????????????????????????? | | ?????????????????????????????????????????????????? | | ?????????????????????????????????????????????????? | | ?????????????????????????????????????????????????? | +----------------------------------------------------+ Best States ------------- Heat Dissipation 54 Energy Generation 14 Energy Capacity 250 Matter Stores 300 Matter Capacity 300 Sight Range 16 Terrain Scan Density 10 Evasion (%) 40 Recoil Reduction 2 Item Schematics ----------------- None Robot Schematics ------------------ M-13 Machinist | -10/Materials | Hacked Fabricated ------------ Nothing Repaired ---------- Nothing Studied --------- None Alien Tech Used ----------------- None Achievements -------------- None Challenges ------------ None Game ------ Seed StrikeStormDoublenader Manual? 0 Play Time 00:16:17 Cumulative 346.9 hours Start 2026.08.29 @ 22:02:35 End 2026.08.29 @ 22:18:12 Sessions 1 Manual Loads 0 Difficulty Rogue Special Mode None Game No. 132 Rogue 127 Adventurer 5 Explorer 0 Win Type - Total 11 Types 5/0/2/1/0/0/1/0/1/1 Lore% 76 Gallery% 73 Achievement% 68 Wizard Run 0 Options --------- Layout 0 ASCII 0 Keyboard 0 Movement Numpad Keybinds 0 Fullscreen 1 Font 18/SmallcapsGlow Map View 76x50 Zoom Use 0% Tactical HUD 1 Map Filters NONE Filters NONE Steam 1 RUN: 1f545618-2913-4fc6-b55e-67cf6d50453c